 Dungeon Crawl Stone Soup version 0.29.1-12-g30fa7ad0bf (webtiles) character file.

Game seed: 4026612490300418254

1768 EarthwalkerPL the Fighter (level 8, -18/74 HPs)
             Began as a Minotaur Fighter on Dec 30, 2022.
             Was an Initiate of Okawaru.
             Demolished by an orc warrior
             ... wielding a +0 battleaxe
              (19 damage)
             ... on level 5 of the Dungeon.
             The game lasted 00:17:03 (6375 turns).

EarthwalkerPL the Fighter (Minotaur Fighter)        Turns: 6375, Time: 00:17:03

Health: -18/74     AC: 15    Str: 24    XL:     8   Next: 80%
Magic:  0/7        EV:  6    Int:  5    God:    Okawaru [......]
Gold:   376        SH:  5    Dex:  9    Spells: 7/7 levels left

rFire   + + .      SeeInvis .   a - +0 war axe
rCold   + . .      Faith    .   c - +0 buckler
rNeg    . . .      Spirit   +   t - +0 plate armour
rPois   .          Reflect  .   (helmet restricted)
rElec   .          Harm     .   L - scarf {rC+ rF+}
rCorr   +          Rampage  .   (no gloves)
Will    .....                   o - +0 pair of boots
Stlth   ..........              A - amulet of guardian spirit
HPRegen 0.22/turn               m - ring of protection from fire
MPRegen 0.10/turn               E - ring of resist corrosion

@: no status effects
A: horns 2, retaliatory headbutt
a: Renounce Religion


You were on level 5 of the Dungeon.
You worshipped Okawaru.
Okawaru was noncommittal.
You visited 2 branches of the dungeon, and saw 8 of its levels.
You also visited: Sewer.

You collected 376 gold pieces.

Inventory:

Hand Weapons
 a - a +0 war axe (weapon)
 r - a +0 battleaxe
Missiles
 h - 25 poisoned darts (quivered)
 u - 3 boomerangs
 H - a curare-tipped dart
Armour
 b - a +0 scale mail
 c - a +0 buckler (worn)
 k - the +1 chain mail of Autumn {*Slow Int+6 Stlth+}
   (You found it on level 2 of the Dungeon)

   Int:       It affects your intelligence (+6).
   *Slow:     It may slow you when you take damage.
   Stlth:     It makes you more stealthy.
 o - a +0 pair of boots (worn)
 t - a +0 plate armour (worn)
 J - the +1 chain mail of the Morning Star {Harm Rampage rPois Will-}
   (You found it in a sewer)

   rPois:     It protects you from poison.
   Harm:      It increases damage dealt and taken.
   Rampage:   It bestows one free step when moving towards enemies.
   Will:      It decreases your willpower.
 L - a scarf of resistance (worn)
Jewellery
 g - a ring of magical power
 i - a ring of wizardry
 m - a ring of protection from fire (left hand)
 x - a +6 ring of intelligence
 A - an amulet of guardian spirit (around neck)
 C - a ring of positive energy
 E - a ring of resist corrosion (right hand)
 R - a ring of magical power
Wands
 q - a wand of iceblast (15)
 M - a wand of flame (31)
 N - a wand of paralysis (10)
Scrolls
 f - 8 scrolls of immolation {unknown}
 j - 7 scrolls of identify
 s - 3 scrolls of teleportation {unknown}
 v - 2 scrolls of amnesia
 w - a scroll of fog {unknown}
 y - a scroll of silence {unknown}
 B - 4 scrolls of magic mapping {unknown}
 K - a scroll of noise {unknown}
Potions
 d - 3 potions of might
 e - 4 potions of heal wounds {unknown}
 l - a potion of flight {unknown}
 n - a potion of invisibility {unknown}
 p - a potion of berserk rage {unknown}
 z - 2 potions of curing {unknown}
 D - 2 potions of cancellation {unknown}
 F - 3 potions of brilliance {unknown}
 G - a potion of haste {unknown}
 I - a potion of magic {unknown}
 O - a potion of mutation {unknown}
 P - a potion of lignification {unknown}
 Q - a potion of attraction {unknown}


   Skills:
 * Level 8.2 Fighting
 * Level 7.5 Axes
 * Level 8.1 Armour
 + Level 6.2 Shields


You had 7 spell levels left.
You didn't know any spells.
Your spell library contained the following spells:

 Spells                   Type           Power      Damage    Failure   Level
 Apportation              Tloc           0%         N/A       100%        1
 Beastly Appendage        Tmut           0%         N/A       100%        1
 Necrotise                Necr           0%         1d4       100%        1
 Scorch                   Fire           0%         2d5       100%        2
 Static Discharge         Conj/Air       0%         3-3/arc   100%        2
 Wereblood                Tmut           0%         N/A       100%        2
 Frozen Ramparts          Ice            0%         1d1       100%        3
 Spider Form              Tmut/Pois      0%         N/A       100%        3
 Dispel Undead            Necr           0%         3d6       100%        4
 Flame Wave               Conj/Fire      0%         2d4       100%        4
 Ice Form                 Ice/Tmut       0%         N/A       100%        4
 Sticky Flame             Conj/Fire      0%         2d3       100%        4
 Summon Small Mammal      Summ           Unusable   N/A       N/A         1
 Summon Ice Beast         Ice/Summ       Unusable   N/A       N/A         4
 Summon Cactus Giant      Summ           Unusable   N/A       N/A         6

Dungeon Overview and Level Annotations

Branches:
Dungeon (7/15)             Temple (1/1) D:5           Sewer (visited)

Altars:
Dithmenos
Elyvilon
Fedhas
Gozag
Kikubaaqudgha
Okawaru
Ru
Sif Muna
Trog
Wu Jian
Yredelemnul
Zin
The Shining One

Shops:
D:5 !

Annotations:
D:6 2 transporters, laros's ghost, novice MiBe


Innate Abilities, Weirdness & Mutations

You have a pair of horns on your head.
You reflexively headbutt those who attack you in melee.


Message History

The orc priest invokes the aid of Beogh against you.
You struggle to resist.
An orc warrior, 2 orcs, an orc priest and 2 orc wizards come into view.
An orc is wielding a +1 dagger of draining.
The orc wizard shouts!
The orc shouts! x2; The orc priest shouts!
The orc wizard shouts!
You hear a shout!
The orc moves out of view.
The orc priest invokes the aid of Beogh against you.
Beogh smites you!
The orc wizard gestures at you while chanting.
The puff of flame hits you but does no damage.
You barely miss the orc warrior. The orc hits you but does no damage.
The orc priest miscasts a cantrip.
You closely miss the orc warrior. Your headbutt misses the orc warrior.
The orc warrior hits you with a +0 battleaxe!
The orc priest invokes the aid of Beogh against you.
Pain shoots through your body!
The orc priest mumbles some strange prayers to Beogh against you.
Beogh smites you!
The orc warrior attacks as you move away!
You block the orc warrior's attack.
The orc warrior attacks as you move away!
The orc warrior hits you with a +0 battleaxe!
* * * LOW HITPOINT WARNING * * *
The orc wizard mumbles some strange words.
The orc wizard flickers and vanishes!
Deactivating autopickup; reactivate with Ctrl-A.
Unknown command.
The orc warrior attacks as you move away!
The orc warrior hits you with a +0 battleaxe!
* * * LOW HITPOINT WARNING * * *
Unknown command.
As you read the scroll labelled INARU BAOT, it crumbles to dust.
It is a scroll of identify.
v - 2 scrolls of amnesia The orc warrior hits you with a +0 battleaxe.
* * * LOW HITPOINT WARNING * * *
The orc warrior attacks as you move away!
The orc warrior hits you with a +0 battleaxe!!
You die...

##.####.##### #.....o..#
######.#.# #o#.# #.#[###
#.....# #######.##..#
......oo##..#
#######@##..# #####
#.##..# #...# #.##..##
###.#.### #.##...##
##...#...######.#รท....##
#..#####............#..#
#....#.<.######.#...#.##
#.##.#.### #.##....#
#.##...########.##..#.#


You could see an orc warrior, an orc priest, an orc wizard and an orc.

Vanquished Creatures
  Grinder (D:5)
  A hornet (D:6)
  A water moccasin (D:5)
  An ice beast (D:7)
  A black bear (D:4)
  2 ogres
  A centaur (D:6)
  2 kobold brigands (Sewer)
  Blork the orc (D:6)
  A bullfrog (D:6)
  2 scorpions
  A jelly (D:4)
  2 hounds
  An iguana (D:6)
  2 orc wizards
  8 adders
  6 river rats (Sewer)
  A shadow imp (D:6)
  A white imp (D:6)
  4 dart slugs
  3 worms
  13 orcs
  13 ball pythons
  6 bats
  14 endoplasms
  3 giant cockroaches
  8 goblins
  10 hobgoblins
  7 jackals
  A quokka (D:4)
  4 frilled lizards
  23 kobolds
  22 rats
167 creatures vanquished.

Vanquished Creatures (others)
  A kobold (D:4)
1 creature vanquished.

Grand Total: 168 creatures vanquished

Notes
Turn   | Place    | Note
-------+----------+-------------------------------------------
     0 | D:1      | EarthwalkerPL the Minotaur Fighter began the quest for the
                  | Orb.
     0 | D:1      | Reached XP level 1. HP: 19/19 MP: 0/0
    15 | D:1      | Found a faded altar of an unknown god.
    76 | D:1      | Reached XP level 2. HP: 26/27 MP: 1/1
   813 | D:2      | Reached XP level 3. HP: 24/33 MP: 2/2
   990 | D:2      | Identified the +1 chain mail of Autumn {*Slow Int+6 Stlth+}
  1317 | D:2      | Identified the +2 short sword "Ybonly Egir" {holy, MP+9
                  | Dex+7}
  1528 | D:2      | Reached XP level 4. HP: 37/41 MP: 3/3
  2575 | D:3      | Found an ornate altar of the Wu Jian Council.
  2608 | D:3      | Noticed a scorpion
  2614 | D:3      | Killed a scorpion
  2615 | D:3      | Reached skill level 5 in Fighting
  2615 | D:3      | Reached skill level 5 in Armour
  2615 | D:3      | Reached XP level 5. HP: 44/48 MP: 4/4
  2983 | D:4      | Found an ancient bone altar of Kikubaaqudgha.
  3008 | D:4      | Found a sacrificial altar of Ru.
  3346 | D:4      | You fall into a shaft and drop 3 floors!
  3347 | D:7      | Noticed an ice beast
  3365 | D:7      | Killed an ice beast
  3366 | D:7      | Reached XP level 6. HP: 33/56 MP: 5/5
  3378 | D:7      | Found a shimmering blue altar of Sif Muna.
  3497 | D:6      | Found a transporter.
  3546 | D:6      | Noticed laros's ghost (novice MiBe)
  3559 | D:6      | Found a transporter.
  3562 | D:6      | Noticed Blork the orc
  3579 | D:6      | Killed Blork the orc
  3580 | D:6      | Reached skill level 5 in Axes
  3589 | D:6      | Found a glowing drain.
  3627 | Sewer    | Entered a sewer
  3792 | Sewer    | Reached XP level 7. HP: 63/63 MP: 6/6
  3935 | Sewer    | Reached skill level 5 in Shields
  4156 | Sewer    | Identified the +1 chain mail of the Morning Star {Harm
                  | Rampage rPois Will-}
  4376 | D:6      | Noticed a hornet
  4386 | D:6      | Killed a hornet
  4713 | D:6      | Reached XP level 8. HP: 58/73 MP: 4/7
  5127 | D:5      | Entered Level 5 of the Dungeon
  5220 | D:5      | Noticed Grinder
  5224 | D:5      | Paralysed by Grinder for 3 turns
  5240 | D:5      | Killed Grinder
  5794 | D:4      | Identified the +8 rapier "Foohudatz" {pain, rPois Stlth+}
  6097 | D:5      | Found a staircase to the Ecumenical Temple.
  6108 | Temple   | Entered the Ecumenical Temple
  6238 | Temple   | Became a worshipper of Warmaster Okawaru
  6357 | D:5      | Found Vuc Goxt's Distillery.
  6372 | D:5      | HP: 3/74 [orc warrior/+0 battleaxe (14)]
  6374 | D:5      | HP: 1/74 [orc warrior/+0 battleaxe (2)]
  6375 | D:5      | Demolished by an orc warrior

Illustrated notes

Levels and vault maps discovered:
D:1:      wander_arrival_lonely_grave, layout_basic,
          hellmonk_ecumenical_altar_pennies_from_heaven, columned_hall_lemuel,
          nrook_uturn, due_unseen_surprise
D:2:      kennysheep_six_static_rooms, layout_basic
D:3:      layout_basic, mainiacjoe_overflow_alcove_4, minmay_pentangle
D:4:      layout_basic, general_overflow_altar, nicolae_ru_awakened_eye,
          kennysheep_path_1, minmay_starry_boxes
D:5:      layout_loops_ring, minmay_temple_entry_offerings, serial_shops, shop,
          uniq_grinder
D:6:      minmay_skewed_foursquare, layout_basic, gammafunk_ghost_stat_death,
          cheibrodos_sewer_entry_drain, uniq_blork_the_orc
D:7:      layout_cave_pools, mainiacjoe_overflow_small_starburst,
          mainiacjoe_overflow_swirl, uniq_duvessa
Temple:   nicolae_temple_figure_zero

Skill      XL: |  1  2  3  4  5  6  7  8 |
---------------+-------------------------+-----
Armour         | 4 5 6 8 |  8.1
Fighting       | 4 5 6 7 8 |  8.2
Axes           | 3 4 5 6 7 |  7.5
Shields        | 4 5 6 |  6.2

Action                   |  1- 3 |  4- 6 |  7- 9 || total
-------------------------+-------+-------+-------++-------
Melee: War axe           |    75 |   176 |   151 ||   402
       Headbutt          |     6 |    17 |    24 ||    47
Throw: Boomerang         |       |     3 |       ||     3
       Dart              |       |     5 |     9 ||    14
Evoke: Wand              |       |       |     1 ||     1
  Use: Scroll            |       |       |     1 ||     1
Armor: Scale mail        |    27 |     8 |       ||    35
       Plate armour      |       |    88 |   102 ||   190
Dodge: Dodged            |    31 |    50 |    31 ||   112
Block: Buckler           |    22 |    30 |    29 ||    81
